 Dungeon Crawl Stone Soup version 0.29.1-12-g30fa7ad0bf (webtiles) character file.

Game seed: 3486318964773074126

1906 kristalshard the Carver (level 8, -3/71 HPs)
             Began as a Minotaur Fighter on Jan 2, 2023.
             Was a High Priest of Jiyva.
             Slain by Grum
             ... wielding a -2 spear of venom
              (5 damage)
             ... on level 8 of the Dungeon.
             The game lasted 00:26:01 (4325 turns).

kristalshard the Carver (Minotaur Fighter)          Turns: 4325, Time: 00:26:02

Health: -3/71      AC: 11    Str: 21    XL:     8   Next: 94%
Magic:  7/7        EV: 13    Int:  5    God:    Jiyva [*****.]
Gold:   202        SH:  6    Dex: 12    Spells: 7/7 levels left

rFire   + + +      SeeInvis .   n - +4 falchion
rCold   . . .      Faith    .   c - +1 buckler
rNeg    . . .      Spirit   .   b - +1 scale mail
rPois   .          Reflect  .   (helmet restricted)
rElec   .          Harm     .   (no cloak)
rCorr   +          Rampage  .   f - +0 pair of gloves
Will    .....                   (no boots)
Stlth   +.........              k - amulet of the acrobat
HPRegen 1.65/turn               h - +4 ring of evasion
MPRegen 0.55/turn               (no ring)

@: mighty, lethally poisoned (-3 -> -3), hasted, very quick
A: horns 2, retaliatory headbutt, fire resistance 3, shaggy fur 1, translucent
skin 1
a: Renounce Religion, Oozemancy, Slimify


You were on level 8 of the Dungeon.
You worshipped Jiyva.
Jiyva was extremely pleased with you.
You visited 1 branch of the dungeon, and saw 8 of its levels.

You collected 222 gold pieces.
You spent 20 gold pieces at shops.

Inventory:

Hand Weapons
 a - a +0 long sword of venom
 i - a +2 dagger of distortion
 n - a +4 falchion (weapon)
Missiles
 j - 8 poisoned darts (quivered)
Armour
 b - a +1 scale mail (worn)
 c - a +1 buckler (worn)
 f - a +0 pair of gloves (worn)
Jewellery
 h - a +4 ring of evasion (left hand)
 k - an amulet of the acrobat (around neck)
 q - a ring of fire
Wands
 l - a wand of charming (9)
Scrolls
 e - a scroll of enchant weapon {unknown}
 g - a scroll of noise
Potions
 m - a potion of flight


   Skills:
 + Level 6.9 Fighting
 + Level 8.9 Long Blades
 + Level 8.1 Armour
 + Level 6.3 Shields
 + Level 1.1 Evocations


You had 7 spell levels left.
You didn't know any spells.
Your spell library contained the following spells:

 Spells                   Type           Power      Damage    Failure   Level
 Beastly Appendage        Tmut           0%         N/A       86%         1
 Ignite Poison            Fire/Tmut/Pois 0%         N/A       99%         3
 Mephitic Cloud           Conj/Pois/Air  0%         N/A       99%         3
 Freezing Cloud           Conj/Ice/Air   0%         6-21      100%        5


Dungeon Overview and Level Annotations

Branches:
Dungeon (8/15)
 Temple: D:4-7         Lair: D:8-11

Altars:
Cheibriados
Jiyva
Lugonu

Shops:
D:1 [   D:2 *

Portals:
Abyss: D:3

Annotations:
D:5 1 runed translucent door
D:8 Grum


Innate Abilities, Weirdness & Mutations

You have a pair of horns on your head.
You reflexively headbutt those who attack you in melee.
Your flesh is almost immune to the effects of heat. (rF+++)
You are covered in fur. (AC +1)
Your translucent skin slightly reduces your foes' accuracy. (Stealth+)


Message History

Aim: a killer bee (chance to affect: 60%)
The killer bee is charmed.
* * * LOW HITPOINT WARNING * * *
You feel extremely sick. You block the killer bee's attack.
The killer bee stings your killer bee. The killer bee misses you.
You furiously retaliate!
You headbutt the killer bee!
The killer bee closely misses your killer bee.
Your killer bee closely misses the killer bee.
You block Grum's attack.
The killer bee attacks as you move away!
The killer bee misses you.
* * * LOW HITPOINT WARNING * * *
You feel very sick.
Your killer bee stings something.
Something misses your killer bee.
Your killer bee stings something!
The killer bee completely misses you. Something stings your killer bee!
Grum misses your killer bee.
Aiming: Charm
Press: ? - help, Q - select action, (/) - cycle Shift-Dir - straight line, f - killer bee, p - killer bee
Aim: a killer bee (heavily wounded, chance to affect: 60%)
The killer bee resists with significant effort.
* * * LOW HITPOINT WARNING * * *
You feel very sick. You block the killer bee's attack.
Your killer bee misses something.
The killer bee barely misses you.
Your killer bee misses something.
Grum hits your killer bee with a -2 spear of venom!
Your killer bee dies!
You slash the killer bee!
You kill the killer bee!
* * * LOW HITPOINT WARNING * * *
You feel very sick.
You closely miss the killer bee.
The killer bee is severely wounded.
You feel sick. The killer bee closely misses you.
You hit the killer bee. You headbutt the killer bee.
You kill the killer bee!
You feel sick. Grum completely misses you.
It was a potion of haste.
You feel yourself speed up.
You feel sick.
Grum hits you from afar with a -2 spear of venom.
You die...

## .# ######.##
# ##.......#..
##...........
##...........#
#.............
#@....<.......
#[..........#.
#.g.#........##
#yy####......##
.gg# #.....##
..... .....##
.... #....##
... .....# ...


You could see Grum, a killer bee and a gnoll.

Vanquished Creatures
  A wyvern (D:7)
  A steam dragon (D:6)
  A water moccasin (D:7)
  3 ice beasts
  An ogre (D:5)
  2 wolves (D:8)
  3 bullfrogs
  A gnoll sergeant (D:6)
  A kobold brigand (D:6)
  2 necrophages (D:6)
  4 wights
  3 killer bees (D:8)
  2 hounds
  An iguana (D:6)
  A mummy (D:3)
  9 gnolls
  8 adders
  2 white imps
  An ufetubus (D:6)
  5 worms
  A dart slug (D:3)
  4 orcs
  4 bats
  2 endoplasms (D:1)
  5 giant cockroaches
  3 goblins
  14 hobgoblins
  7 jackals
  10 kobolds
  4 quokkas
  2 ball pythons
  3 frilled lizards
  5 rats
116 creatures vanquished.

Vanquished Creatures (others)
  4 slime creatures (D:7)
  A water moccasin (D:6)
  A sky beast (D:7)
  A scorpion (D:6)
  2 bullfrogs
  A gnoll sergeant (D:7)
  2 wights (D:7)
  2 killer bees
  A hound (D:6)
  12 jellies (D:6)
  2 iguanas
  5 gnolls (D:7)
  3 adders (D:6)
  A dart slug (D:1)
  2 endoplasms
  4 orcs
  A giant cockroach (D:1)
  A goblin (D:3)
  A hobgoblin (D:1)
  2 quokkas
  2 bats
  A kobold (D:6)
  4 rats (D:2)
  5 fungi (D:1)
  2 plants (D:1)
63 creatures vanquished.

Grand Total: 179 creatures vanquished

Notes
Turn   | Place    | Note
-------+----------+-------------------------------------------
     0 | D:1      | kristalshard the Minotaur Fighter began the quest for the
                  | Orb.
     0 | D:1      | Reached XP level 1. HP: 19/19 MP: 0/0
   155 | D:1      | Found Vinaot's Armour Shoppe.
   316 | D:1      | Found a faded altar of an unknown god.
   323 | D:1      | Reached XP level 2. HP: 27/27 MP: 1/1
   344 | D:1      | Got Plato's Textbook on Shaping
   352 | D:1      | Prayed at the altar of an unknown god.
   352 | D:1      | Became a worshipper of Jiyva Juifeble the Shapeless
   352 | D:1      | Reached * piety under Jiyva
   692 | D:1      | Reached XP level 3. HP: 33/33 MP: 2/2
  1257 | D:2      | Found Kitar's General Store.
  1265 | D:2      | Bought a scroll of identify for 20 gold pieces
  1350 | D:2      | Reached ** piety under Jiyva
  1774 | D:3      | Reached XP level 4. HP: 40/40 MP: 3/3
  1786 | D:3      | Found a snail-covered altar of Cheibriados.
  1814 | D:3      | Found a one-way gate to the infinite horrors of the Abyss.
  1875 | D:3      | Found a large runed translucent door.
  1879 | D:3      | Found a large runed translucent door.
  1881 | D:3      | Found a corrupted altar of Lugonu.
  2292 | D:4      | Reached *** piety under Jiyva
  2326 | D:4      | Gained mutation: You are covered in fur. (AC +1) [potion of
                  | mutation]
  2326 | D:4      | Gained mutation: Your magical capacity is low. (-10% MP)
                  | [potion of mutation]
  2326 | D:4      | Gained mutation: You occasionally lose the ability to drink
                  | potions when taking damage. [potion of mutation]
  2326 | D:4      | Gained mutation: You are partially covered in iridescent
                  | scales. (AC +2) [potion of mutation]
  2349 | D:4      | Noticed an ogre
  2364 | D:5      | Entered Level 5 of the Dungeon
  2392 | D:5      | Reached XP level 5. HP: 47/47 MP: 3/3
  2471 | D:5      | Found a glowing drain.
  2617 | D:5      | Found a runed translucent door.
  2618 | D:5      | Noticed a vampire mosquito
  2648 | D:5      | Noticed an ogre
  2695 | D:6      | Reached skill level 5 in Long Blades
  2695 | D:6      | Reached skill level 5 in Armour
  2728 | D:6      | Reached XP level 6. HP: 17/53 MP: 4/4
  2731 | D:6      | HP: 2/53 [gnoll/+0 whip[a gnoll sergeant] (4)]
  2737 | D:6      | HP: 1/55 [gnoll/+0 spear[a gnoll sergeant] (6)]
  2754 | D:6      | Killed a water moccasin
  2806 | D:6      | Reached skill level 5 in Fighting
  2854 | D:6      | Lost mutation: You are partially covered in iridescent
                  | scales. (AC +2) [Jiyva's grace]
  2854 | D:6      | Lost mutation: Your magical capacity is low. (-10% MP)
                  | [Jiyva's grace]
  2854 | D:6      | Lost mutation: You occasionally lose the ability to drink
                  | potions when taking damage. [Jiyva's grace]
  2854 | D:6      | Gained mutation: Your flesh is heat resistant. (rF+)
                  | [Jiyva's grace]
  2854 | D:6      | Gained mutation: Your flesh is very heat resistant. (rF++)
                  | [Jiyva's grace]
  2854 | D:6      | Gained mutation: Your flesh is almost immune to the effects
                  | of heat. (rF+++) [Jiyva's grace]
  2854 | D:6      | Gained mutation: Your translucent skin slightly reduces
                  | your foes' accuracy. (Stealth+) [Jiyva's grace]
  2885 | D:6      | Reached skill level 5 in Shields
  2974 | D:6      | Reached XP level 7. HP: 58/61 MP: 6/6
  2983 | D:6      | Reached **** piety under Jiyva
  3404 | D:6      | Noticed a steam dragon
  3415 | D:6      | Killed a steam dragon
  3665 | D:7      | Killed a slime creature
  3673 | D:7      | Killed a slime creature
  3674 | D:7      | Killed a slime creature
  3678 | D:7      | Killed a slime creature
  3730 | D:7      | Reached XP level 8. HP: 67/70 MP: 7/7
  4022 | D:7      | Reached skill level 1 in Evocations
  4160 | D:7      | Reached ***** piety under Jiyva
  4304 | D:8      | Noticed Grum
  4323 | D:8      | HP: 3/71 [poisoned by Grum]
  4325 | D:8      | Slain by Grum

Illustrated notes

Levels and vault maps discovered:
D:1:      dpeg_cavernosity, layout_loops_ring,
          shapermc_ecumenical_altar_rom_forum, serial_shops,
          nicolae_shop_crystal
D:2:      layout_loops_ring, serial_shops, shop, st_stairs_2,
          hangedman_abyss_or_decor_lesser_grid
D:3:      due_chaos_kobolds, layout_basic, slow_altar_1, grunt_ministairs_7
D:4:      layout_rooms, hangedman_abyss_or_decor_slice
D:5:      lemuel_insect_pit, layout_loops_ring, zin_angel,
          minmay_temple_entry_wispy, cheibrodos_sewer_entry_sluice
D:6:      minmay_polygon_palace, layout_loops_ring
D:7:      layout_cave_pools, grunt_potential
D:8:      layout_cave_pods, lair_entry_dummy, uniq_grum, uniq_erica

Skill      XL: |  1  2  3  4  5  6  7  8 |
---------------+-------------------------+-----
Fighting       | 4 5 6 |  6.9
Armour         | 4 5 6 7 8 |  8.1
Shields        | 4 5 6 |  6.3
Long Blades    | 3 4 5 6 7 8 |  8.9
Evocations     | 1 |  1.1

Action                   |  1- 3 |  4- 6 |  7- 9 || total
-------------------------+-------+-------+-------++-------
Melee: Long sword        |   105 |   111 |    20 ||   236
       Headbutt          |    10 |    17 |    21 ||    48
       Falchion          |       |       |   105 ||   105
Evoke: Wand              |       |       |     6 ||     6
  Use: Scroll            |     6 |     1 |     1 ||     8
       Potion            |       |     4 |     3 ||     7
Armor: Scale mail        |    38 |    46 |    33 ||   117
Dodge: Dodged            |    47 |    61 |    84 ||   192
Block: Buckler           |    27 |    36 |    37 ||   100
